 Dungeon Crawl Stone Soup version 0.20.1-1-g8b1a95d (webtiles) character file.

125 slep the Skirmisher (level 4, -5/40 HPs)
             Began as a Demonspawn Wanderer on Oct 22, 2017.
             Was a Follower of Dithmenos.
             Killed by divine providence
             ... invoked by an orc priest
              (11 damage)
             ... on level 3 of the Dungeon.
             The game lasted 00:12:14 (2619 turns).

slep the Skirmisher (Demonspawn Wanderer)           Turns: 2619, Time: 00:12:15

Health: -5/40      AC:  6    Str: 15    XL:     4   Next: 82%
Magic:  4/4        EV:  8    Int: 14    God:    Dithmenos [*.....]
Gold:   170        SH:  7    Dex: 10    Spells: 3/3 levels left

rFire    . . .     SeeInvis .   B - +1 dagger (speed)
rCold    . . .     Gourm    .   a - +0 shield
rNeg     . . .     Faith    .   b - +0 ring mail
rPois    .         Spirit   .   (helmet restricted)
rElec    .         Reflect  .   (no cloak)
rCorr    .         Harm     .   (no gloves)
MR       .....                  k - +0 pair of boots
Stlth    +.........             (no amulet)
Regen    0.2/turn               (no ring)
MPRegen  0.1/turn               (no ring)

@: wreathed by umbra
A: antennae 1, demonic guardian 1
a: Renounce Religion


You were on level 3 of the Dungeon.
You worshipped Dithmenos.
Dithmenos was aware of your devotion.
You were not hungry.

You visited 1 branch of the dungeon, and saw 3 of its levels.

You collected 170 gold pieces.

Inventory:

Hand Weapons
 d - a +0 club
 j - a +0 spear
 y - a +2 quarterstaff of speed
 B - a +1 dagger of speed (weapon)
Missiles
 r - 5 tomahawks (quivered)
Armour
 a - a +0 shield (worn)
 b - a +0 ring mail (worn)
 k - a +0 pair of boots (worn)
Jewellery
 A - a +4 ring of strength {unknown}
Scrolls
 c - 2 scrolls of teleportation
 h - 3 scrolls of remove curse {unknown}
 n - a scroll of enchant armour {unknown}
 o - a scroll of enchant weapon {unknown}
 q - a scroll of blinking {unknown}
 t - a scroll of recharging {unknown}
 u - a scroll of noise {unknown}
 w - 4 scrolls of identify {unknown}
 x - a scroll of fog {unknown}
 z - a scroll of random uselessness {unknown}
Potions
 e - a potion of curing {unknown}
 g - 3 potions of heal wounds {unknown}
 l - a potion of haste {unknown}
 m - a potion of brilliance {unknown}
 s - a potion of magic {unknown}
 v - a potion of might
Comestibles
 f - 4 bread rations
 i - a royal jelly
 p - 2 meat rations
 C - 2 chunks of flesh


   Skills:
 + Level 5.6 Fighting
 + Level 0.1 Short Blades
 + Level 0.3(1.1) Maces & Flails
 + Level 1.5(2.0) Polearms
 + Level 1.7(2.1) Staves
 + Level 1.0 Throwing
 + Level 1.6 Armour
 + Level 1.4 Dodging
 + Level 0.2 Stealth
 + Level 1.5 Shields


You had 3 spell levels left.
You didn't know any spells.

Dungeon Overview and Level Annotations

Branches:
Dungeon (3/15)

Altars:
Dithmenos


Innate Abilities, Weirdness & Mutations

You have a pair of small antennae on your head.
A weak demonic guardian rushes to your aid.


Message History

* * * LOW HITPOINT WARNING * * *
Your shield prevents you from hitting the orc priest.
The orc priest is moderately wounded.
The orc priest hits you but does no damage.
You closely miss the orc priest.
The orc priest is moderately wounded.
The orc priest begins to cast a cantrip, but forgets the words!
You hit the orc priest but do no damage.
The orc priest is moderately wounded.
You hit the orc priest but do no damage.
The orc priest is moderately wounded.
The orc priest hits you but does no damage.
You hit the orc priest.
The orc priest is moderately wounded.
You block the orc priest's attack.
You hit the orc priest but do no damage.
The orc priest is moderately wounded.
The orc priest calls down the wrath of Beogh upon you.
Beogh smites you!
You die...

.....#######
..........>#
.....#####.#
.....'.....#
.....#######
####.#
#.#############
#..........5.5#
#############@#
#o# #.# #.# #.#
## #.# .# #.#
.# #.# .#


You could see an orc priest, a friendly shadow imp and a friendly ufetubus.

Vanquished Creatures
  4 adders
  3 oozes
  2 worms
  A dart slug (D:2)
  2 leopard geckos (D:1)
  5 orcs (D:3)
  4 giant cockroaches
  6 goblins
  6 hobgoblins
  2 quokkas
  11 bats
  4 frilled lizards
  6 kobolds
  7 rats
63 creatures vanquished.

Notes
Turn   | Place    | Note
-------+----------+-------------------------------------------
     0 | D:1      | slep the Demonspawn Wanderer began the quest for the Orb.
     0 | D:1      | slep set off with: a +0 shield, a +0 ring mail, a scroll of teleportation, a +0 club, a bread ration
     0 | D:1      | Reached XP level 1. HP: 21/21 MP: 1/1
   154 | D:1      | Gained mutation: A weak demonic guardian rushes to your aid. [demonic ancestry]
   154 | D:1      | Reached XP level 2. HP: 10/27 MP: 2/2
   969 | D:2      | Gained mutation: You have a pair of small antennae on your head. [demonic ancestry]
   969 | D:2      | Reached XP level 3. HP: 22/33 MP: 3/3
  1000 | D:2      | Reached skill level 1 in Polearms
  1012 | D:2      | Found a shadowy altar of Dithmenos.
  1018 | D:2      | Became a worshipper of Dithmenos the Shadowed
  1021 | D:2      | Reached skill level 1 in Armour
  1722 | D:2      | Reached XP level 4. HP: 38/39 MP: 4/4
  1829 | D:3      | Reached * piety under Dithmenos
  2619 | D:3      | Killed from afar by an orc priest

Skill      XL: |  1  2  3 |
---------------+----------+-----
Polearms       | 1 |  1.5
Armour         | 1 |  1.6
Fighting       | |  5.6
Short Blades   | |  0.1
Maces & Flails | |  0.3
Staves         | |  1.7
Throwing       | |  1.0
Dodging        | |  1.4
Stealth        | |  0.2
Shields        | |  1.5

Action                   |  1- 3 |  4- 6 || total
-------------------------+-------+-------++-------
Melee: Spear             |   174 |    50 ||   224
       Club              |    12 |       ||    12
       Dagger            |       |   109 ||   109
  Use: Potion            |     1 |       ||     1
  Eat: Chunk             |     3 |     3 ||     6
Armor: Ring mail         |    70 |    45 ||   115
Dodge: Dodged            |    55 |    47 ||   102
Block: Shield            |    58 |    47 ||   105
